 Dungeon Crawl Stone Soup version 0.31-a0-188-g5e087ee2ca (webtiles) character file.

Game seed: 9366602765074995638

786 gelatine the Trooper (level 7, -14/54 HPs)
             Began as a Demonspawn Fighter on June 23, 2023.
             Demolished by an ogre
             ... wielding a +0 giant spiked club
              (26 damage)
             ... on level 4 of the Dungeon.
             The game lasted 00:08:37 (3197 turns).

gelatine the Trooper (Demonspawn Fighter)           Turns: 3197, Time: 00:08:37

Health: -14/54     AC:  9    Str: 18    XL:     7   Next: 56%
Magic:  0/7        EV: 11    Int: 10    God:
Gold:   203        SH:  5    Dex: 12    Spells: 6/6 levels left

rFire   + . .        a - +0 war axe
rCold   + + .        c - +0 buckler
rNeg    . . .        C - +2 ring mail {rC+}
rPois   .            (helmet restricted)
rElec   .            l - scarf {rC+ rF+}
rCorr   .            (no gloves)
SInv    .            (no boots)
Will    .....        w - amulet of guardian spirit
Stlth   +            (no ring)
HPRegen 0.29/turn    (no ring)
MPRegen 0.10/turn

%: guardian spirit
@: no status effects
A: horns 2, sharp scales 2
a: no special abilities


You were on level 4 of the Dungeon.
You visited 1 branch of the dungeon, and saw 5 of its levels.

You collected 203 gold pieces.

Inventory:

Hand Weapons
 a - a +0 war axe (weapon)
 b - the +7 sling of the Singing Gods {freeze, Int+5}
   (You found it on level 2 of the Dungeon)

   Int:       It affects your intelligence (+5).
 t - a +2 hand axe of electrocution
Missiles
 A - 5 atropa-tipped darts
Armour
 c - a +0 buckler (worn)
 l - a scarf of resistance (worn)
 C - a +2 ring mail of cold resistance (worn)
Jewellery
 u - a ring of wizardry
 w - an amulet of guardian spirit (around neck)
Scrolls
 g - 4 scrolls of teleportation {unknown}
 h - 4 scrolls of identify {unknown}
 m - a scroll of blinking {unknown}
 n - a scroll of torment {unknown}
 q - 2 scrolls of silence {unknown}
 r - a scroll of revelation {unknown}
 s - a scroll of immolation {unknown}
 v - a scroll of fog {unknown}
 x - a scroll of enchant weapon {unknown}
Potions
 d - 2 potions of might
 e - 3 potions of attraction {unknown}
 f - 5 potions of curing {unknown}
 i - 2 potions of lignification {unknown}
 j - a potion of haste {unknown}
 k - 2 potions of mutation {unknown}
 o - a potion of brilliance {unknown}
 p - a potion of ambrosia {unknown}
 z - a potion of resistance {unknown}
 B - a potion of magic {unknown}


   Skills:
 * Level 4.3 Fighting
 * Level 3.8 Axes
 + Level 3.7 Ranged Weapons
 * Level 3.8 Armour
 * Level 2.3 Dodging
 + Level 0.1 Stealth
 * Level 3.8 Shields


You had 6 spell levels left.
You didn't know any spells.
Your spell library contained the following spells:

 Spells                   Type           Power      Damage    Failure   Level
 Magic Dart               Conj           0%         1d3       63%         1
 Necrotise                Necr           0%         1d4       63%         1
 Blink                    Tloc           0%         N/A       77%         2
 Call Imp                 Summ           0%         N/A       77%         2
 Lesser Beckoning         Tloc           0%         N/A       77%         2
 Momentum Strike          Conj/Tloc      0%         3d8       77%         2
 Mephitic Cloud           Conj/Pois/Air  0%         N/A       94%         3
 Ozocubu's Armour         Ice            0%         N/A       94%         3
 Vampiric Draining        Necr           0%         2d6       94%         3
 Agony                    Necr           0%         N/A       100%        5
 Ozocubu's Refrigeration  Ice            0%         4d7       100%        7


Dungeon Overview and Level Annotations

Branches:
Dungeon (5/15)
 Temple: D:4-7

Altars:
Fedhas
Xom

Annotations:
D:5 3 runed translucent doors, plagues's ghost, weakling DEDe


Innate Abilities, Weirdness & Mutations

You have a pair of horns on your head.
You are mostly covered in razor-sharp scales. (AC +2, Slay +2)


Message History

A nearby plant withers and dies.
The kobold brigand hits the fungus with a +0 dagger of electrocution!
The kobold brigand hits the fungus with a +0 dagger of electrocution.
Lightning courses through the fungus!
A nearby fungus withers and dies.
The kobold brigand shouts!
There is a stone staircase leading up here.
You climb upwards.
There is a stone staircase leading down here.
An ogre comes into view. It is wielding a +0 giant spiked club.
A ball python comes into view.
The ball python hisses angrily.
You hear a shout!
You see here a scarf of resistance.
You start putting on your armour.
You continue putting on your scarf of resistance.
Keep equipping yourself?
You continue putting on your scarf of resistance. x2
You block the ogre's attack.
You continue putting on your scarf of resistance.
You finish putting on your scarf of resistance.
You feel resistant to extremes of temperature.
You closely miss the ball python. You headbutt the ball python.
You kill the ball python!
You barely miss the ogre.
The ogre hits you with a +0 giant spiked club!
You barely miss the ogre.
The ogre hits you with a +0 giant spiked club!!
You hit the ogre.
The ogre is lightly wounded.
The ogre hits you with a +0 giant spiked club!
* * * LOW HITPOINT WARNING * * *
You completely miss the ogre.
The ogre is lightly wounded.
You slash the hobgoblin!
You kill the hobgoblin!
The ogre barely misses you.
You slash the ogre! You headbutt the ogre!
The ogre is severely wounded.
The ogre hits you with a +0 giant spiked club!!
You die...

.. ######...#
##########+###.>....#
..................###
..................#
......†@..........#
......O†..........#
..................#
##......##....##.##
#......##+#### +#
........# ........#
........#


You could see an ogre.

Vanquished Creatures
  Sigmund (D:3)
  A centaur (D:5)
  A scorpion (D:5)
  A howler monkey (D:5)
  2 hounds (D:5)
  3 orc priests (D:5)
  2 sleepcaps (D:5)
  An orc wizard (D:5)
  2 iguanas (D:5)
  2 adders (D:5)
  3 gnolls (D:2)
  A white imp (D:5)
  An ufetubus (D:5)
  2 worms
  4 dart slugs
  15 orcs
  8 endoplasms
  3 giant cockroaches
  7 goblins
  5 hobgoblins
  4 jackals (D:1)
  6 quokkas
  2 ball pythons
  6 bats
  3 frilled lizards
  5 kobolds
  4 rats
95 creatures vanquished.

Notes
Turn   | Place    | Note
-------+----------+-------------------------------------------
     0 | D:1      | gelatine the Demonspawn Fighter began the quest for the
                  | Orb.
     0 | D:1      | Reached XP level 1. HP: 18/18 MP: 1/1
    91 | D:1      | Gained mutation: You are partially covered in razor-sharp
                  | scales. (AC +1, Slay +1) [demonic ancestry]
    91 | D:1      | Reached XP level 2. HP: 16/24 MP: 2/2
   430 | D:1      | Gained mutation: You have a pair of small horns on your
                  | head. [demonic ancestry]
   430 | D:1      | Reached XP level 3. HP: 27/29 MP: 3/3
   521 | D:1      | Found a faded altar of an unknown god.
  1092 | D:2      | Identified the +7 sling of the Singing Gods {freeze, Int+5}
  1181 | D:2      | Reached skill level 1 in Dodging
  1181 | D:2      | Gained mutation: You are mostly covered in razor-sharp
                  | scales. (AC +2, Slay +2) [demonic ancestry]
  1181 | D:2      | Reached XP level 4. HP: 25/35 MP: 4/4
  1349 | D:2      | Found a shimmering altar of Xom.
  1716 | D:3      | Noticed Sigmund
  1740 | D:3      | Killed Sigmund
  1741 | D:3      | Reached skill level 1 in Ranged Weapons
  1741 | D:3      | Gained mutation: You have a pair of horns on your head.
                  | [demonic ancestry]
  1741 | D:3      | Reached XP level 5. HP: 21/42 MP: 5/5
  2003 | D:3      | Reached XP level 6. HP: 48/48 MP: 6/6
  2095 | D:3      | You fall into a shaft and drop 2 floors!
  2095 | D:5      | Entered Level 5 of the Dungeon
  2117 | D:5      | Found a blossoming altar of Fedhas.
  2342 | D:5      | Reached skill level 4 in Fighting
  2377 | D:5      | Reached XP level 7. HP: 46/54 MP: 5/7
  3085 | D:5      | Found a runed translucent gate.
  3085 | D:5      | Found a runed translucent gate.
  3085 | D:5      | Found a runed translucent gate.
  3085 | D:5      | Noticed plagues's ghost (weakling DEDe)
  3197 | D:4      | Demolished by an ogre

Illustrated notes

Levels and vault maps discovered:
D:1:      ncdulo_wetmaze, layout_basic, shapermc_ecumenical_altar_acropolis,
          chequers_big_river, roderic_roman_lattice
D:2:      layout_rooms, basic_altar
D:3:      layout_basic, uniq_sigmund
D:4:      layout_gridville, temple_pool_b, gammafunk_ghost_smash, st_stairs_5,
          minmay_goblin_outpost
D:5:      layout_cave_pods, fedhas_bush_and_centaur_altar,
          gammafunk_ghost_nasty_kobolds

Skill      XL: |  1  2  3  4  5  6 |
---------------+-------------------+-----
Axes           | 2 3 |  3.8
Shields        | 3 |  3.8
Armour         | 3 |  3.8
Dodging        | 1 2 |  2.3
Ranged Weapons | 1 3 |  3.7
Fighting       | 4 |  4.3
Stealth        | |  0.1

Action                     |  1- 3 |  4- 6 |  7- 9 || total
---------------------------+-------+-------+-------++-------
  Melee: War axe           |    92 |     4 |    21 ||   117
         Headbutt          |     6 |       |     3 ||     9
         Sling             |       |     1 |       ||     1
   Fire: Sling             |    17 |    72 |    47 ||   136
 Armour: Scale mail        |    41 |    12 |    10 ||    63
         Leather armour    |       |       |     4 ||     4
  Dodge: Dodged            |    54 |    18 |    26 ||    98
  Block: Buckler           |    17 |     6 |    16 ||    39

Table legend: (Time is in decaauts)
 A = Elapsed time spent in this place.
 B = Non-inter-level travel time spent in this place.
 C = Inter-level travel time spent in this place.
 D = Time resting spent in this place.
 E = Time spent auto-exploring this place.
 F = Levels seen in this place.
 G = Mean time per level.
                   A        B        C        D        E       F      G
               +--------+--------+--------+--------+--------+-----+--------+
         Total |   3335 |   3164 |    171 |      0 |   2457 |   5 |  667.0 |
       Dungeon |   3335 |   3164 |    171 |      0 |   2457 |   5 |  667.0 |
               +--------+--------+--------+--------+--------+-----+--------+

Top non-repeatable levels by time:
     D:5: 1118 daAuts
     D:1: 1113 daAuts
     D:3: 638 daAuts
     D:2: 445 daAuts
     D:4: 19 daAuts
